Ryan, chaotic male elven Ranger ------ ------ |....| |....| |.....######## |...).# |....| # |....|# ------------- |.`...#########-...>|# #.`.........`| | -.-.-- #------####|.....`..i..| .. # #####%#### |...-----.@.|####### ....[.| # #### |...|.{.|..o|# # .| # #### +..`.{.{|`...## -- # ### # |...|.{.|...|# # # |...-----...|# # ### |.....`.....|# -------.- # |`.........`|# |........# #%# -------------# |.....^.|####%############### ###` |.......-########## --------- Ryan the Lookout Experience level: 4 Strength: 16 Dexterity: 10 Constitution: 15 Intelligence: 13 Wisdom: 14 Charisma: 8 Health: 0(23) Energy: 22(22) Def: 11 Gold: 388 Moves: 2336 Dungeon seed: pcDfHPdJ8-U8GMGP Game ID: Ryan_1466873105 Your Inventory: Coins $ - 388 gold pieces Weapons a - a +1 elven dagger (weapon in hand) b - a +1 elven bow c - 49 +2 elven arrows (in quiver) d - 34 +0 elven arrows Armor e - an uncursed +2 elven cloak (being worn) q - an uncursed +0 pair of iron shoes (being worn) r - an uncursed +0 splint mail (being worn) Comestibles f - 3 uncursed lembas wafers l - 2 uncursed food rations Scrolls g - an uncursed scroll of teleportation h - an uncursed scroll of taming m - an uncursed scroll of identify p - an uncursed scroll of light Spellbooks s - an uncursed spellbook of charm monster Potions o - an uncursed potion of water Wands t - a wand of fire (0:7) u - a wand of slow monster (0:7) Gems n - an uncursed worthless piece of orange glass Spells and supernatural/magical abilities: Name Level Category Fail Memory e - charm monster 3 enchantment 100% 99% W - pray for help -- divine ? -- Your skills at the end: Fighting Skills Weapon Skills dagger [Basic] bow [Basic] Spellcasting Skills Final Attributes: You were piously aligned. You were sleep resistant. You had automatic searching. You had infravision. You were stealthy. You are dead. Vanquished creatures: a dwarf zombie an iguana an acid blob a gas spore 3 cave spiders a green mold 2 red molds 2 gnomes 2 geckos 9 jackals 3 foxes a kobold 2 goblins 6 sewer rats 6 grid bugs 3 bats 3 lichens 2 kobold zombies 7 newts 56 creatures vanquished. Voluntary challenges: You followed a strict vegan diet. You were an atheist. You used a wielded weapon 33 times, starting on turn 7. You read items or engraved 6 times, starting on turn 1953. You never genocided any monsters. You never polymorphed an object. You never changed form. You used no wishes. You never split a pudding. You never wrote Elbereth's name. You never violated your personal moral code. Dungeon overview: The Dungeons of Doom: levels 1 to 5 Level 1 a long staircase Level 2 a fountain Level 3 an armor shop a long staircase Level 4 a general store Level 5 <- You were here many fountains History has recorded: On T:1 you entered the Dungeons of Doom to retrieve the Amulet of Yendor! On T:454 you advanced to experience level 2. On T:509 you reached level 2 of The Dungeons of Doom. On T:894 you reached level 3 of The Dungeons of Doom. On T:1260 you advanced to experience level 3. On T:1327 you reached level 4 of The Dungeons of Doom. On T:1890 you advanced to experience level 4. On T:1943 you reached level 5 of The Dungeons of Doom. Score breakdown: Gold: 388 ( 8810 points) Experience: 4 levels ( 9649 points) Exploration: 5 levels ( 9.80%) ( 8485 points) Discoveries: 2 items ( 0.69%) ( 2491 points) Valuables value: (no points given unless you survive) Artifact value: 0 ( 0 points) Variety of kills: 19 monsters ( 4.99%) ( 6699 points) Turncount: 2336 turns ( -230 points) Survival: died (score multiplied by 80%) Total score: 28723 Latest messages: This tepid water is tasteless. <"Wilt thou settle for a minor consultation?" (50 zorkmids) [ynq]: y> True to her word, the Oracle offhandedly says: "They say that Vlad lives!!! ... in the mazes." You see here a statue of a plains centaur. You hear the splashing of a naiad. With great effort you move the boulder. You try to move the boulder, but in vain. You miss the gas spore. You kill the gas spore! You are caught in the gas spore's explosion! You feel tough! You must be leading a healthy life-style. The hill orc wields a curved sword! The hill orc swings his curved sword. The hill orc misses. The hill orc swings his curved sword. The hill orc hits! The hill orc swings his curved sword. The hill orc hits! You die... Final status: Goodbye Ryan the Ranger, killed by a hill orc... You died in The Dungeons of Doom on dungeon level 5 with 28723 points, and 388 pieces of gold, after 2336 moves. You were level 4 with a maximum of 23 hit points when you died.